AoeStats
← xdoppiadx

Arena

510197215Analyzed
4v4 RM · 1d ago on Sep 29, 2026· 52m 22s· 8 players
Game mode
Random Map
Map size
Large (8 player)
Population
200
Speed
Normal
Resources
Standard
Victory
Conquest
Starting age
Dark Age
Ending age
Imperial Age
RankedLock teamsTeams togetherTeam positionsShared explorationLock speedFull tech treeHidden civsTurbo modeCheats
Victory
Defeat
🇲🇽 Franks · Mexico
681
+14
🇨🇴 Inca · Colombia
672
+14
🇨🇴 Teutons · Colombia
625
+16
🇺🇸 Britons · United States
582
+18
🇳🇱 Persians · Netherlands
668
-17
🇮🇹 Vikings · Italy
638
-16
🇹🇷 Turks · Türkiye
637
-16
🇧🇷 Danes · Brazil
573
-13
Hey Im Oso
14:01 Feudal Age
15:21 Wheelbarrow
16:15 Horse Collar
17:06 Double-Bit Axe
24:29 Castle Age
40:58 Hand Cart
45:41 Man-at-Arms
46:41 Heavy Plow
46:56 Long Swordsman
52:42 Imperial Age
alangb_par
3:49 Loom
11:51 Feudal Age
12:18 Double-Bit Axe
19:38 Castle Age
18:44 Gold Mining
18:44 Stone Mining
20:27 Padded Archer Armor
20:18 Fletching
20:46 Bow Saw
21:23 Gold Shaft Mining
20:36 Crossbowman
22:38 Bodkin Arrow
34:40 Imperial Age
32:49 Scale Barding Armor
33:00 Leather Archer Armor
36:28 Chemistry
35:49 Ballistics
34:57 Cavalier
35:38 Husbandry
36:06 Chain Barding Armor
37:43 Paladin
44:38 Chivalry
roobinson.15
0:34 Loom
11:24 Feudal Age
11:52 Double-Bit Axe
12:26 Horse Collar
14:19 Gold Mining
14:25 Stone Mining
16:49 Wheelbarrow
16:01 Town Watch
18:55 Bloodlines
25:26 Castle Age
26:02 Forging
25:58 Scale Barding Armor
25:54 Scale Mail Armor
27:57 Fletching
30:26 Bow Saw
32:04 Hand Cart
31:50 Town Patrol
33:08 Bodkin Arrow
35:02 Stone Shaft Mining
40:04 Imperial Age
39:28 Iron Casting
39:10 Chain Mail Armor
39:48 Guard Tower
41:50 Conscription
42:01 Ironclad
43:43 Elite Teutonic Knight
49:22 Fortified Wall
52:13 Masonry
52:25 Ballistics
52:41 Keep
Juanes22
11:35 Feudal Age
19:49 Castle Age
19:55 Horse Collar
20:01 Double-Bit Axe
30:49 Heavy Plow
31:03 Bow Saw
30:49 Gold Mining
30:54 Stone Mining
35:40 Imperial Age
33:49 Wheelbarrow
33:14 Pikeman
33:55 Squires
33:41 Arson
34:18 Scale Mail Armor
34:29 Forging
35:21 Chain Mail Armor
36:16 Hand Cart
36:12 Halberdier
38:15 Iron Casting
38:10 Plate Mail Armor
39:04 Crop Rotation
40:08 Blast Furnace
43:29 Elite Kamayuk
44:30 Conscription
44:54 Champi Runner
46:40 Champi Warrior
48:58 Elite Champi Warrior
50:38 Fletching
50:49 Padded Archer Armor
4
0:31 Loom
9:12 Feudal Age
9:51 Double-Bit Axe
15:27 Stone Mining
16:17 Horse Collar
18:16 Arson
21:44 Castle Age
20:25 Gold Mining
21:59 Forging
23:08 Bow Saw
26:24 Bloodlines
27:05 Heavy Plow
30:30 Thumb Ring
32:10 Gold Shaft Mining
33:03 Husbandry
33:12 Scale Barding Armor
35:24 Treadmill Crane
36:05 Ballistics
35:59 Caravan
37:13 Chain Barding Armor
44:15 Imperial Age
46:03 Two-Man Saw
45:41 Iron Casting
45:42 Plate Barding Armor
45:29 Bombard Tower
45:21 Fortified Wall
44:37 Heavy Camel Rider
45:41 Conscription
46:21 Wheelbarrow
47:40 Padded Archer Armor
49:47 Blast Furnace
48:38 Fletching
49:04 Leather Archer Armor
50:06 Man-at-Arms
51:14 Long Swordsman
52:01 Scale Mail Armor
playboy42
10:26 Feudal Age
11:08 Double-Bit Axe
11:05 Horse Collar
18:45 Castle Age
19:38 Bow Saw
19:32 Heavy Plow
22:25 Stone Mining
22:28 Gold Mining
27:44 Pikeman
28:25 Squires
29:36 Gold Shaft Mining
35:37 Imperial Age
39:34 Heavy Camel Rider
42:02 Two-Man Saw
41:39 Crop Rotation
43:09 Halberdier
47:47 Herbal Medicine
Puro_Osso
2:16 Loom
13:48 Feudal Age
14:28 Double-Bit Axe
15:29 Wheelbarrow
16:18 Man-at-Arms
18:32 Arson
26:34 Castle Age
25:14 Stone Mining
25:15 Gold Mining
31:09 Long Swordsman
31:35 Gambesons
31:51 Squires
32:17 Fletching
34:33 Bow Saw
38:28 Gold Shaft Mining
38:29 Stone Shaft Mining
37:34 Hamask
xdoppiadx
10:45 Feudal Age
11:11 Double-Bit Axe
12:56 Loom
18:24 Castle Age
19:21 Bow Saw
19:07 Gold Mining
19:00 Horse Collar
19:44 Heavy Plow
21:05 Stone Mining
28:12 Treadmill Crane
32:45 Imperial Age
30:01 Town Watch
31:08 Town Patrol
32:05 Caravan
33:51 Chieftains
34:12 Conscription
35:22 Crop Rotation
36:01 Hoardings
36:44 Two-Man Saw
36:45 Heated Shot
37:05 Fortified Wall
36:42 Arrowslits
36:53 Murder Holes
37:35 Fletching
37:45 Scale Mail Armor
37:50 Scale Barding Armor
37:35 Fletching
37:45 Padded Archer Armor
37:45 Scale Mail Armor
37:56 Forging
41:12 Gold Shaft Mining
40:29 Elite Skirmisher
44:51 Bogsveigar
44:12 Elite Berserk
45:33 Iron Casting
45:13 Chain Mail Armor
45:18 Chain Barding Armor
44:53 Bodkin Arrow
45:13 Leather Archer Armor
45:18 Chain Barding Armor
45:31 Onager
45:31 Heavy Scorpion
45:32 Capped Ram
47:01 Man-at-Arms
47:01 Elite Varangian Guard
49:39 Pikeman
50:20 Squires
50:05 Arson
Connection lost

Rejoining the realm…

Still unreachable

The connection could not be restored.

Session expired

The server has moved on; the page needs a fresh start.